 Dungeon Sprint DCSS version 0.19-a0-1908-g43c011f (webtiles) character file.

7 esc the Sneak (level 1, -4/15 HPs)
             Began as a Vampire Enchanter on Oct 22, 2016.
             Slain by a siren
             ... wielding a +0 spear
              (19 damage)
             ... in the Dungeon (Sprint II: "The Violet Keep of Menkaure").
             The game lasted 00:00:29 (161 turns).

esc the Sneak (Vampire Enchanter)                    Turns: 161, Time: 00:00:30

Health: -4/15      AC:  3    Str:  7    XL:     1   Next: 83%
Magic:  3/3        EV: 13    Int: 17    God:
Gold:   243        SH:  0    Dex: 14    Spells: 1 memorised, 3 levels left

rFire  . . .     SeeInvis +     a - +1 dagger
rCold  . . .     Gourm    .     b - +1 robe
rNeg   + . .     Faith    .     (no shield)
rPois  .         Spirit   .     (no helmet)
rElec  .         Reflect  .     (no cloak)
rCorr  .         Harm     .     (no gloves)
MR     .....     NoTele   +     (no boots)
Stlth  +++.......               (no amulet)
                                (no ring)
                                (no ring)

@: no status effects
A: fangs 3, see invisible, unbreathing
a: no special abilities


You were in the Dungeon.
You were not thirsty.

You visited 1 branch You collected 243 gold pieces.

Inventory:

Hand Weapons
 a - a +1 dagger (weapon)
Armour
 b - a +1 robe (worn)
Scrolls
 j - a scroll of blinking {!r}
Potions
 d - a potion of blood {@q1}
 e - a potion of curing
 f - a potion of heal wounds
 g - a potion of haste
 h - 2 potions of magic
 i - a potion of berserk rage {!q}
Books
 c - a book of Maledictions


   Skills:
 + Level 1.1 Fighting
 + Level 2.0 Short Blades
 + Level 2.5 Dodging
 + Level 4.9 Stealth
 + Level 2.4 Spellcasting
 + Level 4.8 Hexes


You had 3 spell levels left.
You knew the following spells:

 Your Spells              Type           Power        Failure   Level  Hunger
v - Corona                Hex            ###....      2%          1    #......


Dungeon Overview and Level Annotations

Branches:
Dungeon (1/1)

Altars:


Innate Abilities, Weirdness & Mutations

You have razor-sharp teeth.
You have supernaturally acute eyesight. (SInv)
You can survive without breathing.


Message History

Welcome, esc the Vampire Enchanter.
Found a staircase leading out of the dungeon.
You open the door. 2 worms come into view.
There is an open door here.
The helpless worm fails to defend itself.
You puncture the worm!
You kill the worm!
The worm completely misses you.
Health restored: 14 You hit the worm.
You hit the worm. The worm bites you.
You take 1 damage, and have 13/14 hp.
You hit the worm but do no damage. You barely miss the worm.
The worm bites you.
You take 3 damage, and have 10/14 hp.
MASSIVE DAMAGE!!
You hit the worm. The worm misses you.
You hit the worm. You hit the worm. The worm misses you.
You completely miss the worm. You hit the worm. The worm bites you.
You take 3 damage, and have 7/14 hp.
MASSIVE DAMAGE!!
You hit the worm. The worm barely misses you.
You hit the worm. You hit the worm but do no damage. The worm misses you.
You hit the worm. You bite the worm. You barely miss the worm.
The worm misses you.
You hit the worm. You hit the worm.
You kill the worm!
Your Fighting skill increases to level 1!
Your Short Blades skill increases to level 2!
No target in view!
You now have 243 gold pieces.
You start resting.
Health restored: 15
There is an open door here.
Okay, then.
You open the door.
A siren comes into view. It is wielding a spear.
There is an open door here.
The helpless siren fails to defend itself.
You impale the siren!! The siren hits you with a spear!!
Ouch! That really hurt!
You die...

+## #.##
##..# ##
#..#
##.###'##
#.m.##.##
#@'.<.+
#...##.##
##.###+#
##


You could see a siren.

Vanquished Creatures
  2 worms (D)
2 creatures vanquished.

Notes
Turn   | Place    | Note
-------+----------+-------------------------------------------
     0 | D        | esc the Vampire Enchanter began the quest for the Orb.
     0 | D        | Reached XP level 1. HP: 13/13 MP: 3/3
    20 | D        | Reached skill level 1 in Fighting
    20 | D        | Reached skill level 2 in Short Blades
   158 | D        | Noticed a siren
   161 | D        | Slain by a siren

Vault maps used:
D:        the_violet_keep_of_menkaure

Skill      XL: |  1 |
---------------+----+-----
Fighting       | 1 |  1.1
Short Blades   | 2 |  2.0
Dodging        | |  2.5
Stealth        | |  4.9
Spellcasting   | |  2.4
Hexes          | |  4.8

Action                   || total
-------------------------++-------
Melee: Dagger            ||    18
       Bite              ||     1
 Stab: Sleeping          ||     2
Dodge: Dodged            ||     6

Vault maps used:
D:        the_violet_keep_of_menkaure

Table legend:
 A = Turns spent in this place as a percentage of turns spent in the entire game.
 B = Non-inter-level travel turns spent in this place as a percentage of non-inter-level travel turns spent in the entire game.
 C = Inter-level travel turns spent in this place as a percentage of turns spent in this place.
 D = Turns resting spent in this place as a percentage of non-inter-level travel turns spent in this place.
 E = Turns spent auto-exploring this place as a percentage of non-inter-level travel turns spent in this place.
 F = Non-inter-level travel turns spent in this place divided by the number of levels of this place that you've seen.
                   A       B       C       D       E      F
               +-------+-------+-------+-------+-------+----------------------
         Total | 100.0 | 100.0 |   0.0 |   6.1 |   0.0 |  33.0
       Dungeon | 100.0 | 100.0 |   0.0 |   6.1 |   0.0 |  33.0
               +-------+-------+-------+-------+-------+----------------------

Table legend:
 A = Kills in this place as a percentage of kills in entire the game.
 B = Kills by you in this place as a percentage of kills by you in the entire game.
 C = Kills by friends in this place as a percentage of kills by friends in the entire game.
 D = Other kills in this place as a percentage of other kills in the entire game.
 E = Experience gained in this place as a percentage of experience gained in the entire game.
 F = Experience gained in this place divided by the number of levels of this place that you have seen.
                   A       B       C       D       E      F
               +-------+-------+-------+-------+-------+----------------------
         Total | 100.0 | 100.0 |  -nan |  -nan | 100.0 |  10.0
       Dungeon | 100.0 | 100.0 |  -nan |  -nan | 100.0 |  10.0
               +-------+-------+-------+-------+-------+----------------------
